 Dungeon Crawl Stone Soup version 0.30-a0-6-g7c9e10e132 (webtiles) character file.

Game seed: 9660473190057797526

77 greenreed the Ruffian (level 4, -4/40 HPs)
             Began as a Ghoul Monk on Aug 22, 2022.
             Slain by Crazy Yiuf
             ... wielding a +4 quarterstaff of chaos
              (5 damage)
             ... on level 2 of the Dungeon.
             The game lasted 00:04:00 (1855 turns).

greenreed the Ruffian (Ghoul Monk)                  Turns: 1855, Time: 00:04:00

Health: -4/40      AC: 12    Str: 16    XL:     4   Next: 34%
Magic:  3/3        EV:  5    Int:  5    God:
Gold:   159        SH:  0    Dex: 11    Spells: 0/3 levels left

rFire   . . .      SeeInvis .      - Unarmed
rCold   + . .      Faith    .    (no shield)
rNeg    + + +      Spirit   .    j - +0 plate armour
rPois   ∞          Reflect  .    m - +0 helmet
rElec   .          Harm     .    (no cloak)
rCorr   .          Rampage  .    (no gloves)
Will    .....                    c - +0 pair of boots
Stlth   ..........               (no amulet)
HPRegen 0.00/turn                (no ring)
MPRegen 0.08/turn                (no ring)

@: mighty, inhibited regen
A: claws 1, cold resistance 1, negative energy resistance 3, inhibited
regeneration, torment resistance 2, devour on kill
a: no special abilities


You were on level 2 of the Dungeon.
You visited 1 branch of the dungeon, and saw 2 of its levels.

You collected 159 gold pieces.

Inventory:

Armour
 a - a +0 robe
 c - a +0 pair of boots (worn)
 j - a +0 plate armour (worn)
 m - a +0 helmet (worn)
Scrolls
 i - a scroll of identify {unknown}
 k - 3 scrolls of immolation {unknown}
 l - a scroll of enchant weapon {unknown}
Potions
 d - a potion of heal wounds {unknown}
 e - a potion of degeneration {unknown}
 g - a potion of attraction {unknown}
 h - a potion of flight {unknown}


   Skills:
 + Level 3.7 Fighting
 + Level 3.2 Dodging
 + Level 2.7 Stealth
 + Level 4.4 Unarmed Combat


You couldn't memorise any spells.
You knew the following spells:

 Your Spells              Type           Power      Damage    Failure   Level
a - Frozen Ramparts       Ice            0%         1d1       100%        3

Your spell library contained the following spells:

 Spells                   Type           Power      Damage    Failure   Level
 Freeze                   Ice            0%         1d3       100%        1
 Hailstorm                Conj/Ice       0%         3d3       100%        4


Dungeon Overview and Level Annotations

Branches:
Dungeon (2/15)

Altars:

Annotations:
D:2 Crazy Yiuf


Innate Abilities, Weirdness & Mutations

You are immune to poison.
You have sharp fingernails.
Your flesh is cold resistant. (rC+)
You are immune to negative energy. (rN+++)
You do not regenerate when monsters are visible.
You are immune to unholy pain and torment.
You thrive by killing the living.


Message History

Crazy Yiuf is moderately wounded.
Crazy Yiuf hits you with a +4 quarterstaff of chaos.
You are too injured to fight recklessly!
You scratch Crazy Yiuf but do no damage.
Crazy Yiuf is moderately wounded.
Crazy Yiuf hits you with a +4 quarterstaff of chaos!
* * * LOW HITPOINT WARNING * * *
You are confused.
You feel invigorated.
Crazy Yiuf hits you with a +4 quarterstaff of chaos.
* * * LOW HITPOINT WARNING * * *
You resist with some effort.
You miss Crazy Yiuf.
Crazy Yiuf is moderately wounded.
Crazy Yiuf hits you but does no damage.
You closely miss Crazy Yiuf.
Crazy Yiuf is moderately wounded.
Crazy Yiuf hits you but does no damage.
You're too confused to move!
You feel less invigorated.
You feel less confused.
Crazy Yiuf laughs, "Two ladder blue!"
Crazy Yiuf hits you but does no damage.
You scratch Crazy Yiuf.
Crazy Yiuf is moderately wounded.
Crazy Yiuf hits you but does no damage.
You barely miss Crazy Yiuf.
Crazy Yiuf is moderately wounded.
Crazy Yiuf grits, "Goober arm bush!"
Crazy Yiuf hits you with a +4 quarterstaff of chaos.
Crazy Yiuf freezes you.
You scratch Crazy Yiuf but do no damage.
Crazy Yiuf is moderately wounded.
Crazy Yiuf hits you with a +4 quarterstaff of chaos!
* * * LOW HITPOINT WARNING * * *
Crazy Yiuf burns you.
* * * LOW HITPOINT WARNING * * *
It was a potion of might.
You feel very mighty all of a sudden.
Crazy Yiuf hits you with a +4 quarterstaff of chaos.
You die...

#### ####♣♣ ### #..######
##....♣♣ ♣♣#..)# #.......#
#......♣♣♣♣g'...#
#..##.#..
#.......♣.@♣#...#
#..##.#.# #......♣.♣♣♣ ###
#.....#.. ##.##♣♣♣♣♣
#<##....# #.# #......##
#.################.......†
#.##.##.#.......#####.#(.#
#.##.##.#.......#####.#.##
#.......#>......##......#
####.####.##.##.##.##...#


You could see Crazy Yiuf.

Vanquished Creatures
  3 adders (D:2)
  2 worms (D:2)
  4 endoplasms
  4 giant cockroaches
  6 hobgoblins
  5 ball pythons
  5 bats (D:1)
  6 frilled lizards
  2 goblins
  3 kobolds
  5 rats
45 creatures vanquished.

Notes
Turn   | Place    | Note
-------+----------+-------------------------------------------
     0 | D:1      | greenreed the Ghoul Monk began the quest for the Orb.
     0 | D:1      | Reached XP level 1. HP: 19/19 MP: 0/0
   257 | D:1      | Reached XP level 2. HP: 18/26 MP: 1/1
   734 | D:1      | Reached XP level 3. HP: 33/33 MP: 2/2
  1103 | D:2      | Found a faded altar of an unknown god.
  1119 | D:2      | Reached skill level 4 in Unarmed Combat
  1539 | D:2      | Reached XP level 4. HP: 35/40 MP: 3/3
  1750 | D:2      | Learned a level 3 spell: Frozen Ramparts
  1793 | D:2      | Found a runed translucent door.
  1836 | D:2      | Noticed Crazy Yiuf
  1853 | D:2      | HP: 1/40 [Crazy Yiuf/+4 quarterstaff of chaos (4)]
  1855 | D:2      | Slain by Crazy Yiuf

Illustrated notes

Levels and vault maps discovered:
D:1:      spicycebolla_arrival_xxxplode, layout_basic, corexii_leaking_fountain,
          minmay_small_reverse_x
D:2:      layout_loops_cross, shapermc_ecumenical_altar_starsandcircs,
          minmay_tree_intersection, minmay_close_crescents,
          uniq_crazy_yiuf_cottage

Skill      XL: |  1  2  3 |
---------------+----------+-----
Dodging        | 3 |  3.2
Unarmed Combat | 4 |  4.4
Fighting       | |  3.7
Stealth        | |  2.7

Action                   |  1- 3 |  4- 6 || total
-------------------------+-------+-------++-------
Melee: Unarmed           |   123 |    27 ||   150
       Punch             |     2 |       ||     2
  Use: Potion            |       |     2 ||     2
 Stab: Sleeping          |     5 |       ||     5
Armor: Robe              |    29 |       ||    29
       Plate armour      |       |    12 ||    12
Dodge: Dodged            |    77 |     6 ||    83

Table legend: (Time is in decaauts)
 A = Elapsed time spent in this place.
 B = Non-inter-level travel time spent in this place.
 C = Inter-level travel time spent in this place.
 D = Time resting spent in this place.
 E = Time spent auto-exploring this place.
 F = Levels seen in this place.
 G = Mean time per level.
                   A        B        C        D        E       F      G
               +--------+--------+--------+--------+--------+-----+--------+
         Total |   1845 |   1796 |     49 |      0 |   1451 |   2 |  922.5 |
       Dungeon |   1845 |   1796 |     49 |      0 |   1451 |   2 |  922.5 |
               +--------+--------+--------+--------+--------+-----+--------+

Top non-repeatable levels by time:
     D:1: 1062 daAuts
     D:2: 782 daAuts
